 Dungeon Crawl Stone Soup version 0.30.0-5-g1a98f26d00 (webtiles) character file.

Game seed: 16287208104167430119

818 SeerSkye the Cleaver (level 7, -8/66 HPs)
             Began as a Minotaur Fighter on May 10, 2023.
             Killed by divine providence
             ... invoked by an orc priest
              (12 damage)
             ... on level 5 of the Dungeon.
             The game lasted 00:03:08 (3101 turns).

SeerSkye the Cleaver (Minotaur Fighter)             Turns: 3101, Time: 00:03:08

Health: -8/66      AC:  6    Str: 29    XL:     7   Next: 62%
Magic:  6/6        EV:  9    Int:  5    God:
Gold:   200        SH:  4    Dex:  9    Spells: 6/6 levels left

rFire   . . .        a - +0 war axe
rCold   . . .        c - +0 buckler
rNeg    . . .        b - +0 scale mail
rPois   .            (helmet restricted)
rElec   .            (no cloak)
rCorr   .            (no gloves)
SInv    .            (no boots)
Will    .....        (no amulet) Stlth
                     j - +6 ring of strength
HPRegen 0.31/turn    (no ring)
MPRegen 0.10/turn

%: no passive effects
@: hasted, very quick
A: horns 2, retaliatory headbutt
a: no special abilities


You were on level 5 of the Dungeon.
You visited 1 branch of the dungeon, and saw 5 of its levels.

You collected 200 gold pieces.

Inventory:

Hand Weapons
 a - a +0 war axe (weapon)
Missiles
 q - 5 boomerangs
 v - a throwing net (quivered)
Armour
 b - a +0 scale mail (worn)
 c - a +0 buckler (worn)
Jewellery
 j - a +6 ring of strength (left hand)
Wands
 o - a wand of quicksilver (8)
Scrolls
 e - a scroll of vulnerability
 f - a scroll of enchant armour {unknown}
 g - a scroll of summoning
 h - 2 scrolls of blinking
 i - 2 scrolls of poison {unknown}
 k - 2 scrolls of noise {unknown}
 l - a scroll of teleportation {unknown}
 m - 2 scrolls of enchant weapon {unknown}
 n - a scroll of silence {unknown}
 p - 2 scrolls of magic mapping {unknown}
 u - 3 scrolls of identify {@r1}
Potions
 d - a potion of might
 r - a potion of haste
 s - a potion of mutation {unknown}
 t - a potion of curing {unknown}
 w - a potion of brilliance {unknown}


   Skills:
 + Level 7.0 Fighting
 * Level 8.8 Axes
 - Level 3.6 Armour
 - Level 3.6 Shields


You had 6 spell levels left.
You didn't know any spells.
Your spell library contained the following spells:

 Spells                   Type           Power      Damage    Failure   Level
 Inner Flame              Hex/Fire       0%         N/A       98%         3
 Flame Wave               Conj/Fire      0%         2d4       100%        4
 Sticky Flame             Conj/Fire      0%         2d3       100%        4


Dungeon Overview and Level Annotations

Branches:
Dungeon (5/15) Zot: 26658
 Temple: D:4-7

Altars:
Zin


Innate Abilities, Weirdness & Mutations

You have a pair of horns on your head.
You reflexively headbutt those who attack you in melee.


Message History

Found a coppery potion.
The orc priest invokes the aid of Beogh against you.
Beogh smites you! You block the gnoll's attack.
There is an open door here.
You barely miss the gnoll. You slash the orc!
You kill the orc!
The gnoll hits you with a +0 halberd!
You slash the gnoll!
You kill the gnoll!
You hit the gnoll. The gnoll hits you with a +0 halberd!
The gnoll hits you from afar with a +0 halberd!
* * * LOW HITPOINT WARNING * * *
You are too injured to fight recklessly!
Unknown command.
You feel yourself speed up. The gnoll barely misses you.
The orc priest miscasts a cantrip.
The gnoll hits you from afar with a +0 halberd!
* * * LOW HITPOINT WARNING * * *
The orc hits you with a +0 club.
* * * LOW HITPOINT WARNING * * *
Unknown command.
Okay, then.
You are too injured to fight recklessly!
Unknown command.
You are too injured to fight recklessly!
You are too injured to fight recklessly!
You are too injured to fight recklessly!
You slice the orc!!
You kill the orc!
You hit the gnoll.
Your Fighting skill increases to level 7!
You block the gnoll's attack. x2
Items here: ))) [ †††.
You hit the gnoll. You headbutt the gnoll!
The gnoll is almost dead.
You slash the gnoll!
You kill the gnoll!
The orc priest mumbles some strange prayers to Beogh against you.
Beogh smites you!
You die...

#...#.....#.
+...###'###.
#.......#...
#.......#... . ###
###+#.......####
..##^.###.....##'##.....
.!......#.....#...#.....
........#.....#...#.....
.....og@'.....#...#.....
.......)#.....#...#.....
####....#.....#...#.....
#....#.....#...###...
......#.....#.....#...
.......#.....#.....#...
#.......#.....#.....#...
#.......#.....#.....#...
#.....#.....+...


You could see an orc priest and a gnoll.

Vanquished Creatures
  3 ogres
  An ice beast (D:4)
  A black bear (D:5)
  A scorpion (D:3)
  A hound (D:5)
  2 orc priests
  Terence (D:3)
  An orc wizard (D:4)
  Robin (D:2)
  2 gnolls (D:5)
  6 adders
  2 worms (D:3)
  A dart slug (D:1)
  16 orcs
  5 bats
  8 endoplasms
  2 giant cockroaches
  16 goblins
  9 hobgoblins
  4 jackals (D:1)
  8 kobolds
  A quokka (D:5)
  3 ball pythons
  2 frilled lizards (D:1)
  5 rats
102 creatures vanquished.

Notes
Turn   | Place    | Note
-------+----------+-------------------------------------------
     0 | D:1      | SeerSkye the Minotaur Fighter began the quest for the Orb.
     0 | D:1      | Reached XP level 1. HP: 19/19 MP: 0/0
    64 | D:1      | Reached skill level 3 in Axes
   111 | D:1      | Reached XP level 2. HP: 27/27 MP: 1/1
   603 | D:1      | Reached XP level 3. HP: 33/33 MP: 2/2
   715 | D:2      | Reached skill level 4 in Axes
   798 | D:2      | Noticed Robin
   816 | D:2      | Killed Robin
   817 | D:2      | Reached XP level 4. HP: 22/41 MP: 3/3
  1207 | D:3      | Reached skill level 5 in Axes
  1256 | D:3      | Reached XP level 5. HP: 28/47 MP: 4/4
  1258 | D:3      | Reached skill level 5 in Fighting
  1394 | D:3      | Noticed Terence
  1401 | D:3      | Killed Terence
  1522 | D:3      | Reached skill level 6 in Axes
  1673 | D:3      | Found a faded altar of an unknown god.
  1717 | D:4      | Noticed an ogre
  1723 | D:4      | Killed an ogre
  1724 | D:4      | Reached XP level 6. HP: 15/57 MP: 5/5
  2041 | D:4      | Reached skill level 7 in Axes
  2257 | D:4      | Found a glowing silver altar of Zin.
  2257 | D:4      | Noticed an angel
  2309 | D:4      | Noticed an ice beast
  2321 | D:4      | Killed an ice beast
  2689 | D:4      | Reached XP level 7. HP: 63/63 MP: 6/6
  2761 | D:5      | Entered Level 5 of the Dungeon
  2800 | D:5      | Reached skill level 8 in Axes
  2922 | D:5      | Identified the +6 short sword of Midnight {venom, rN+ Str-5
                  | Int+2}
  3098 | D:5      | HP: 3/64 [orc/+0 club (4)]
  3101 | D:5      | Killed from afar by an orc priest

Illustrated notes

Levels and vault maps discovered:
D:1:      dpeg_arrival_tiny_a, layout_loops_cross
D:2:      layout_rooms, uniq_robin
D:3:      layout_rooms, dreamdust_ecumenical_altar_angels_and_demons,
          uniq_terence
D:4:      nicolae_cairo_tiling_large, layout_loops_ring, zin_angel,
          chequers_mini_garden
D:5:      layout_gridville, kennysheep_generic_room_13

Skill      XL: |  1  2  3  4  5  6  7 |
---------------+----------------------+-----
Axes           | 3 4 5 6 7 8 |  8.8
Fighting       | 4 5 6 7 |  7.0
Armour         | |  3.6
Shields        | |  3.6

Action                     |  1- 3 |  4- 6 |  7- 9 || total
---------------------------+-------+-------+-------++-------
  Melee: War axe           |    75 |    98 |    19 ||   192
         Headbutt          |     6 |    13 |     3 ||    22
    Use: Scroll            |       |     4 |       ||     4
         Potion            |       |       |     1 ||     1
 Armour: Scale mail        |    33 |    30 |     5 ||    68
  Dodge: Dodged            |    35 |    28 |    11 ||    74
  Block: Buckler           |    20 |    23 |     4 ||    47
